 Dungeon Sprint DCSS version 0.28-a0-313-gbc0475efdd (webtiles) character file.

Game seed: 1293688254882044244

132 Ankalagon the Cudgeller (level 4, -5/55 HPs)
             Began as a Palentonga Fighter on Aug 31, 2021.
             Slain by a neqoxec (6 damage)
             ... in the Dungeon (Sprint II: "The Violet Keep of Menkaure").
             The game lasted 00:00:17 (17 turns).

Ankalagon the Cudgeller (Palentonga Fighter)          Turns: 17, Time: 00:00:18

Health: -5/55      AC:  6    Str: 19    XL:     4   Next: 92%
Magic:  3/3        EV:  6    Int:  7    God:
Gold:   0          SH:  9    Dex: 10    Spells: 3/3 levels left

rFire   . . .      SeeInvis +   a - +0 flail
rCold   . . .      Faith    .   c - +0 kite shield
rNeg    . . .      Spirit   .   b - +0 scale mail
rPois   .          Reflect  .   (no helmet)
rElec   .          Harm     .   (no cloak)
rCorr   .          Rampage  .   (no gloves)
Will    .....      NoTele   +   (no barding)
Stlth   ..........              (no amulet)
HPRegen 0.18/turn               (no ring)
MPRegen 0.08/turn               (no ring)

@: berserking (expiring), very quick
A: large, rugged brown scales 3, see invisible, deformed body, roll 1, armoured
tail, dopey 1, low mp 1
a: Rolling Charge


You were in the Dungeon.
You visited 1 branch

Inventory:

Hand Weapons
 a - a +0 flail (weapon)
Armour
 b - a +0 scale mail (worn)
 c - a +0 kite shield (worn)
Scrolls
 j - a scroll of blinking
Potions
 d - a potion of might
 e - a potion of curing
 f - a potion of heal wounds
 g - a potion of haste
 h - 2 potions of magic


   Skills:
 - Level 3.0 Fighting
 + Level 7.2 Maces & Flails
 - Level 2.4 Armour
 + Level 6.3 Shields


You had 3 spell levels left.
You didn't know any spells.
Your spell library was empty.

Dungeon Overview and Level Annotations

Branches:
Dungeon (1/1)

Altars:


Innate Abilities, Weirdness & Mutations

You are completely covered in rugged brown scales. (AC +3, +7% HP)
You have supernaturally acute eyesight. (SInv)
Armour fits poorly on your strangely shaped body.
You can roll at nearby foes to attack.
You have a long armoured tail.
You are dopey. (Int -2)
Your magical capacity is low. (-10% MP)


Message History

The neqoxec hits you!
* * * LOW HITPOINT WARNING * * *
You thump the neqoxec!
You tail-slap the neqoxec, but do no damage.
The neqoxec is almost dead.
The neqoxec gestures at you.
Strange energies course through your body.
You feel stupid.
You barely miss the neqoxec.
The neqoxec is almost dead.
The neqoxec gestures at you.
Something tries to feed on your intellect!
You sock the neqoxec!
You kill the neqoxec!
A neqoxec comes into view.
Your Maces & Flails skill gained 5 levels and is now at level 7!
Your Shields skill gained 4 levels and is now at level 6!
You have reached level 2!
You have reached level 3!
Your experience leads to an increase in your attributes!
Your base attributes are Str 19, Int 8, Dex 9.
Increase (S)trength, (I)ntelligence, or (D)exterity?
You feel agile.
You have reached level 4!
You feel clever.
You closely miss the neqoxec. The neqoxec hits you.
* * * LOW HITPOINT WARNING * * *
You closely miss the neqoxec. The neqoxec gestures at you.
Something tries to feed on your intellect!
You sock the neqoxec!
The neqoxec is moderately wounded.
You sock the neqoxec!
The neqoxec is severely wounded.
The neqoxec hits you.
* * * LOW HITPOINT WARNING * * *
You closely miss the neqoxec.
The neqoxec is severely wounded.
The neqoxec hits you.
You die...

#+#
##.##
+.<.+
##.##
#@#
##3#
#3#
##


You could see 2 neqoxecs.

Vanquished Creatures
  A neqoxec (D)
1 creature vanquished.

Vanquished Creatures (others)
  A water moccasin (D)
1 creature vanquished.

Grand Total: 2 creatures vanquished

Notes
Turn   | Place    | Note
-------+----------+-------------------------------------------
     0 | D        | Ankalagon the Palentonga Fighter began the quest for the
                  | Orb.
     0 | D        | Reached XP level 1. HP: 19/19 MP: 1/1
     1 | D        | Noticed a neqoxec
     1 | D        | Noticed a neqoxec
     2 | D        | Gained mutation: Your magical capacity is low. (-10% MP) [a
                  | neqoxec]
    10 | D        | Gained mutation: You are dopey. (Int -2) [a neqoxec]
    12 | D        | Killed a neqoxec
    12 | D        | Noticed a neqoxec
    13 | D        | Reached skill level 7 in Maces & Flails
    13 | D        | Reached XP level 2. HP: 6/25 MP: 1/1
    13 | D        | Reached XP level 3. HP: 8/31 MP: 2/2
    13 | D        | Reached XP level 4. HP: 10/37 MP: 3/3
    16 | D        | HP: 1/55 [neqoxec (3)]
    17 | D        | Killed a water moccasin
    17 | D        | Slain by a neqoxec

Illustrated notes

Levels and vault maps discovered:
D:        the_violet_keep_of_menkaure [sprint2_stairs_cluster_1,
          sprint2_shoproom, sprint2_temple, sprint2_basic_supplies,
          sprint2_obstacle_2, sprint2_obstacle_3, sprint2_obstacle_6,
          sprint2_obstacle_1, sprint2_obstacle_7, sprint2_timed_cluster_1,
          sprint2_smallroom_cluster_1, sprint2_smallroom_final_cluster_1,
          sprint2_transparent_cluster_1, sprint2_second_timed_cluster_1,
          sprint2_sniper_area_1, sprint2_heavy_combat_area_1,
          sprint2_mutation_trap_area_1, sprint2_forest_area_1,
          sprint2_light_combat_area_1, sprint2_behind_water_1,
          sprint2_near_end_vault_1]

Skill      XL: |  1 |
---------------+----+-----
Maces & Flails | 7 |  7.2
Shields        | 6 |  6.3
Fighting       | |  3.0
Armour         | |  2.4

Action                   |  1- 3 |  4- 6 || total
-------------------------+-------+-------++-------
Melee: Flail             |     9 |     5 ||    14
       Tailslap          |     3 |       ||     3
  Use: Potion            |     1 |       ||     1
Armor: Scale mail        |     1 |       ||     1

Table legend: (Time is in decaauts)
 A = Elapsed time spent in this place.
 B = Non-inter-level travel time spent in this place.
 C = Inter-level travel time spent in this place.
 D = Time resting spent in this place.
 E = Time spent auto-exploring this place.
 F = Levels seen in this place.
 G = Mean time per level.
                   A        B        C        D        E       F      G
               +--------+--------+--------+--------+--------+-----+--------+
         Total |     16 |     16 |      0 |      0 |      0 |   1 |   16.0 |
       Dungeon |     16 |     16 |      0 |      0 |      0 |   1 |   16.0 |
               +--------+--------+--------+--------+--------+-----+--------+

Top non-repeatable levels by time:
       D: 16 daAuts
